 Dungeon Crawl Stone Soup version 0.25.0-26-g0c896c7088 (webtiles) character file.

Game seed: 7485362323553506676

1857 Peloso the Slasher (level 8, -4/93 HPs)
             Began as a Demonspawn Fighter on July 2, 2020.
             Killed by divine providence
             ... invoked by an orc priest
              (10 damage)
             ... on level 5 of the Dungeon.
             The game lasted 00:14:10 (5702 turns).

Peloso the Slasher (Demonspawn Fighter)             Turns: 5702, Time: 00:14:10

Health: -4/93      AC: 16    Str: 19    XL:     8   Next: 89%
Magic:  0/8        EV:  6    Int: 10    God:
Gold:   297        SH: 11    Dex: 12    Spells: 7/7 levels left

rFire    . . .     SeeInvis .   a - +1 long sword
rCold    . . .     Gourm    .   c - +1 kite shield
rNeg     . . .     Faith    .   k - +0 chain mail
rPois    .         Spirit   +   (no helmet)
rElec    .         Reflect  .   q - +0 cloak
rCorr    .         Harm     .   m - +0 pair of gloves
MR       .....                  x - +0 pair of boots (curse)
Stlth    ..........             l - amulet of guardian spirit
HPRegen  0.25/turn              g - ring of flight
MPRegen  0.11/turn              (no ring)

@: berserking, very slightly contaminated, very quick
A: thin metallic scales 2, demonic guardian 1, powered by death 1
a: Evoke Flight


You were on level 5 of the Dungeon.
You were not hungry.

You visited 1 branch of the dungeon, and saw 6 of its levels.

You collected 297 gold pieces.

Inventory:

Hand Weapons
 a - a +1 long sword (weapon)
 b - a +0 short sword of electrocution
Missiles
 u - 66 bolts
Armour
 c - a +1 kite shield (worn)
 j - a +0 scale mail
 k - a +0 chain mail (worn)
 m - a +0 pair of gloves (worn)
 q - a +0 cloak (worn)
 x - a cursed +0 pair of boots (worn)
Jewellery
 g - a ring of flight (left hand)
 l - an amulet of guardian spirit (around neck)
 A - an uncursed ring of stealth {unknown}
Wands
 n - a wand of disintegration (11)
 D - a wand of acid (7)
 E - a wand of flame (25)
Scrolls
 e - 2 scrolls of amnesia {unknown}
 i - 3 scrolls of fear {unknown}
 s - a scroll of identify
 t - a scroll of blinking
 w - 3 scrolls of teleportation
 y - a scroll of remove curse {unknown}
 B - a scroll of fog {unknown}
Potions
 d - a potion of might
 h - a potion of flight {unknown}
 o - a potion of brilliance
 p - a potion of cancellation
 r - a potion of stabbing
 z - a potion of berserk rage
 C - a potion of degeneration {unknown}
Comestibles
 f - 13 rations
 v - 10 chunks of flesh


   Skills:
 + Level 5.2 Fighting
 + Level 7.4 Long Blades
 + Level 4.3 Armour
 + Level 1.9 Dodging
 + Level 1.1 Stealth
 + Level 5.5 Shields
 + Level 0.3 Evocations


You had 7 spell levels left.
You didn't know any spells.
Your spell library contained the following spells:

 Spells                   Type           Power        Failure   Level  Hunger
 Corona                   Hex            #......      100%        1    ##.....
 Magic Dart               Conj           #...         100%        1    ##.....
 Blink                    Tloc           N/A          100%        2    ###....
 Call Imp                 Summ           #.......     100%        2    ###....
 Ensorcelled Hibernation  Hex/Ice        #.....       100%        2    ###....
 Slow                     Hex            #.......     100%        2    ###....
 Confusing Touch          Hex            #.......     100%        3    ####...
 Conjure Flame            Conj/Fire      #.......     100%        3    ####...
 Dazzling Flash           Conj/Hex       #.....       100%        3    ####...
 Mephitic Cloud           Conj/Pois/Air  #.......     100%        3    ####...
 Tukima's Dance           Hex            #.......     100%        3    ####...


Dungeon Overview and Level Annotations

Branches:
Dungeon (6/15)
 Temple: D:4-7

Altars:
Cheibriados
Uskayaw


Innate Abilities, Weirdness & Mutations

You are mostly covered in thin metallic scales. (AC +3)
A weak demonic guardian rushes to your aid.
You regenerate a little health from kills.


Message History

8 arrows; a +0 shortbow; a centaur skeleton; a black bear skeleton Your chain mail prevents you from hitting the orc priest.
The orc priest calls down the wrath of Beogh upon you.
Pain shoots through your body!
* * * LOW HITPOINT WARNING * * *
The orc warrior hits you with a +0 mace!
* * * LOW HITPOINT WARNING * * *
Your shadow imp hits the orc warrior.
Okay, then.
Blink to where?
Press: ? - help, Dir - move target cursor You are very lightly contaminated with residual magic.
As you read the scroll of blinking, it crumbles to dust.
The orc priest hits you but does no damage.
It was a potion of berserk rage.
A red film seems to cover your vision as you go berserk!
You feel yourself moving faster!
You feel mighty!
The orc priest mumbles some strange prayers to Beogh against you.
Beogh smites you!
You die...

#..........
#.########. #.#
#.....
#####.####.###.
#..............
#.#############
#.#
###########.#
#.......@.#.#
#.#######o#.#
#.# #o#.#
#########.#
#5#.#
..........#
#...#
###########
##### # #
######## #
#.......


You could see an orc warrior, an orc priest and a friendly shadow imp
(summoned).

Vanquished Creatures
  Grinder (D:4)
  Menkaure (D:5)
  2 sky beasts
  An ice beast (D:5)
  A black bear (D:5)
  An ogre (D:4)
  A centaur (D:5)
  Dowan (D:5)
  2 scorpions
  A howler monkey (D:6)
  A hound (D:5)
  2 jellies (D:5)
  A gnoll shaman (D:4)
  An orc wizard (D:5)
  2 centaur skeletons (D:4)
  A bullfrog skeleton (D:5)
  2 iguanas
  2 worker ants
  A hound skeleton (D:4)
  9 gnolls
  10 adders
  2 shadow imps
  An adder zombie (D:6)
  An adder skeleton (D:5)
  4 worms
  3 leopard geckos
  17 orcs
  5 giant cockroaches
  4 hobgoblins
  4 jackals
  A quokka (D:2)
  A ball python (D:1)
  9 bats
  2 frilled lizards
  10 goblins
  4 kobolds
  A leopard gecko skeleton (D:6)
  5 rats
118 creatures vanquished.

Vanquished Creatures (collateral kills)
  Duvessa (D:5)
  A sky beast (D:5)
  2 black bears (D:6)
  A centaur (D:5)
  A scorpion (D:4)
  An orc priest (D:5)
  An adder (D:5)
  A gnoll (D:6)
  4 orcs
13 creatures vanquished.

Grand Total: 131 creatures vanquished

Notes
Turn   | Place    | Note
-------+----------+-------------------------------------------
     0 | D:1      | Peloso the Demonspawn Fighter began the quest for the Orb.
     0 | D:1      | Reached XP level 1. HP: 18/18 MP: 1/1
   184 | D:1      | Reached skill level 2 in Long Blades
   312 | D:1      | Gained mutation: A weak demonic guardian rushes to your
                  | aid. [demonic ancestry]
   312 | D:1      | Reached XP level 2. HP: 24/24 MP: 2/2
   874 | D:2      | HP: 1/24 [worm (7)]
   875 | D:2      | Reached XP level 3. HP: 2/29 MP: 0/3
  1369 | D:2      | HP: 1/29 [adder (2)]
  1737 | D:2      | Reached skill level 1 in Dodging
  1820 | D:2      | Gained mutation: You regenerate a little health from kills.
                  | [demonic ancestry]
  1820 | D:2      | Reached XP level 4. HP: 22/35 MP: 2/4
  3388 | D:4      | Noticed Grinder
  3401 | D:4      | Killed Grinder
  3401 | D:4      | Reached skill level 3 in Long Blades
  3401 | D:4      | Reached skill level 1 in Stealth
  3401 | D:4      | Gained mutation: You are partially covered in thin metallic
                  | scales. (AC +2) [demonic ancestry]
  3401 | D:4      | Reached XP level 5. HP: 37/42 MP: 3/5
  3401 | D:4      | Reached XP level 6. HP: 42/48 MP: 3/6
  3590 | D:4      | Reached skill level 4 in Long Blades
  3841 | D:4      | Noticed a sky beast
  3854 | D:4      | Killed a sky beast
  3854 | D:4      | Reached XP level 7. HP: 48/54 MP: 7/7
  3943 | D:4      | Reached skill level 5 in Long Blades
  4251 | D:5      | Entered Level 5 of the Dungeon
  4272 | D:5      | Noticed Menkaure
  4283 | D:5      | Killed Menkaure
  4445 | D:5      | Gained mutation: You are mostly covered in thin metallic
                  | scales. (AC +3) [demonic ancestry]
  4445 | D:5      | Reached XP level 8. HP: 56/61 MP: 6/8
  4457 | D:5      | Reached skill level 6 in Long Blades
  4711 | D:5      | Reached skill level 5 in Fighting
  4799 | D:5      | Reached skill level 5 in Shields
  4962 | D:5      | Found a hide-covered altar of Uskayaw.
  4965 | D:5      | Found a snail-covered altar of Cheibriados.
  5453 | D:6      | Reached skill level 7 in Long Blades
  5454 | D:6      | Noticed Duvessa
  5459 | D:6      | Noticed Dowan
  5528 | D:5      | Killed Dowan
  5538 | D:5      | Killed Duvessa
  5700 | D:5      | HP: 3/62 [orc warrior/+0 mace (10)]
  5702 | D:5      | Killed from afar by an orc priest

Illustrated notes

Levels and vault maps discovered:
D:1:      grunt_arrival_lava_bath, layout_basic
D:2:      layout_basic, first_ration
D:3:      layout_basic
D:4:      kennysheep_big_flooded_room, layout_rooms, bh_walls_and_bars,
          uniq_grinder
D:5:      layout_loops_ring, minitemple, wad_rectangle_vault, uniq_menkaure
D:6:      kennysheep_six_static_rooms, layout_cave_pools, uniq_duvessa

Skill      XL: |  1  2  3  4  5  6  7  8 |
---------------+-------------------------+-----
Long Blades    | 2 3 4 5 7 |  7.4
Armour         | 3 4 |  4.3
Shields        | 3 4 5 |  5.5
Dodging        | 1 |  1.9
Stealth        | 1 |  1.1
Fighting       | 4 5 |  5.2
Evocations     | |  0.3

Action                   |  1- 3 |  4- 6 |  7- 9 || total
-------------------------+-------+-------+-------++-------
Melee: Long sword        |   126 |   204 |   215 ||   545
 Abil: Evoke Flight      |       |     1 |       ||     1
Evoke: Wand              |       |     2 |       ||     2
  Use: Potion            |     3 |       |     5 ||     8
       Scroll            |       |     8 |     3 ||    11
 Stab: Distracted        |       |     1 |       ||     1
       Sleeping          |       |       |     1 ||     1
  Eat: Chunk             |     3 |     7 |     6 ||    16
Armor: Scale mail        |    81 |     9 |       ||    90
       Chain mail        |       |   116 |   144 ||   260
Dodge: Dodged            |    50 |    53 |    57 ||   160
Block: Kite shield       |    87 |   125 |   123 ||   335
       Rpst.: Long sword |    15 |    18 |    14 ||    47
